 Dungeon Crawl Stone Soup version 0.23.0 (webtiles) character file.

Game seed: 10605092028723393074

88 xccam the Cudgeler (level 4, -27/33 HPs)
             Began as a Mummy Wanderer on Feb 17, 2019.
             Engulfed by a cloud of flame (29 damage)
             ... on level 2 of the Dungeon.
             The game lasted 00:05:15 (1815 turns).

xccam the Cudgeler (Mummy Wanderer)                 Turns: 1815, Time: 00:05:16

Health: -27/33     AC:  8    Str: 16    XL:     4   Next: 30%
Magic:  4/4        EV: 10    Int: 10    God:
Gold:   34         SH:  0    Dex: 12    Spells: 3/3 levels left

rFire    x . .     SeeInvis .   a - +3 mace
rCold    + . .     Gourm    .   (no shield)
rNeg     + + +     Faith    .   d - +0 ring mail
rPois    ∞         Spirit   .   g - +0 helmet
rElec    .         Reflect  .   (no cloak)
rCorr    .         Harm     .   f - +0 pair of gloves
MR       .....                  (no boots)
Stlth    +.........             e - amulet of inaccuracy (curse)
HPRegen  0.11/turn              (no ring)
MPRegen  0.09/turn              (no ring)

@: no status effects
A: no food or potions, fire vulnerability, cold resistance 1, negative energy
resistance 3, torment resistance, unbreathing
a: no special abilities


You were on level 2 of the Dungeon.
You were not hungry.

You visited 1 branch of the dungeon, and saw 2 of its levels.

You collected 34 gold pieces.

Inventory:

Hand Weapons
 a - a +3 mace (weapon)
Missiles
 c - 6 javelins (quivered)
Armour
 d - a +0 ring mail (worn)
 f - a +0 pair of gloves (worn)
 g - a +0 helmet (worn)
Jewellery
 e - a cursed amulet of inaccuracy (around neck)
Scrolls
 b - 3 scrolls of teleportation


   Skills:
 - Level 2.0 Fighting
   Level 1.0(2.4) Axes
 + Level 3.5(3.6) Maces & Flails
 - Level 1.0 Throwing
 - Level 3.2 Armour
 - Level 1.0 Stealth


You had 3 spell levels left.
You didn't know any spells.
Your spell library was empty.

Dungeon Overview and Level Annotations

Branches:
Dungeon (2/15)

Altars:


Innate Abilities, Weirdness & Mutations

You do not eat or drink.
Your flesh is vulnerable to fire.
You are immune to poison.
Your flesh is cold resistant. (rC+)
You are immune to negative energy. (rN+++)
You are immune to unholy pain and torment.
You can survive without breathing.


Message History

You kill the jackal!
You swing at nothing.
You see here a jackal corpse.
Found an escape hatch in the floor.
A frilled lizard comes into view.
The frilled lizard hisses angrily.
You see here a scroll labeled RUYPTITHULU.
h - a scroll labeled RUYPTITHULU
As you read the scroll labeled RUYPTITHULU, it crumbles to dust.
The creatures around you are filled with an inner flame!
It was a scroll of immolation.
The frilled lizard bites you but does no damage.
You thump the frilled lizard!
The frilled lizard explodes!
The fiery explosion engulfs you!! The fire burns you terribly!
Ouch! That really hurt!
* * * LOW HITPOINT WARNING * * *
You are engulfed in blazing flames.
Ouch! That really hurt!
You die...

#........#
).....
#...######
.......
#...#
.######
#...#
#...#
#...#
#...# .
#..%##.#
#@§....#
#§§§......
#§§§.....#
#........#
#.........
#.........
#.........
#.........


There were no monsters in sight!

Vanquished Creatures
  An adder (D:2)
  A gnoll (D:2)
  An ooze (D:1)
  2 worms
  2 dart slugs (D:1)
  A leopard gecko (D:1)
  4 giant cockroaches
  7 goblins
  3 hobgoblins
  8 jackals
  2 ball pythons (D:1)
  5 bats
  8 frilled lizards
  4 kobolds
  5 rats (D:1)
54 creatures vanquished.

Notes
Turn   | Place    | Note
-------+----------+-------------------------------------------
     0 | D:1      | xccam the Mummy Wanderer began the quest for the Orb.
     0 | D:1      | xccam set off with the following items: a +2 mace, 2
                  | scrolls of teleportation, a +0 robe
     0 | D:1      | Reached XP level 1. HP: 16/16 MP: 1/1
   163 | D:1      | Reached XP level 2. HP: 18/22 MP: 2/2
   570 | D:1      | Reached XP level 3. HP: 15/27 MP: 3/3
  1460 | D:2      | Reached XP level 4. HP: 20/33 MP: 4/4
  1815 | D:2      | Engulfed by a cloud of flame

Skill      XL: |  1  2  3 |
---------------+----------+-----
Maces & Flails | 2 3 |  3.5
Fighting       | |  2.0
Axes           | |  1.0
Throwing       | |  1.0
Armour         | |  3.2
Stealth        | |  1.0

Action                   |  1- 3 |  4- 6 || total
-------------------------+-------+-------++-------
Melee: Mace              |   144 |    20 ||   164
  Use: Scroll            |     4 |     1 ||     5
 Stab: Sleeping          |     2 |       ||     2
Armor: Robe              |     2 |       ||     2
       Ring mail         |    68 |     7 ||    75
Dodge: Dodged            |    93 |     9 ||   102
